 Dungeon Crawl Stone Soup version 0.20-a0-1015-g2ec8a95 (webtiles) character file.

34 Hybris the Caller (level 3, -2/27 HPs)
             Began as a Mummy Summoner on Apr 15, 2017.
             Slain by a crimson imp (4 damage)
             ... summoned by Natasha
             ... on level 2 of the Dungeon.
             The game lasted 00:03:26 (2578 turns).

Hybris the Caller (Mummy Summoner)                  Turns: 2578, Time: 00:03:27

Health: -2/27      AC:  2    Str: 11    XL:     3   Next: 14%
Magic:  3/7        EV: 12    Int: 15    God:
Gold:   45         SH:  0    Dex: 12    Spells: 4/7 levels left

rFire    x . .     SeeInvis .   h - +1 dagger (drain)
rCold    + . .     Gourm    .   (no shield)
rNeg     + + +     Faith    .   a - +0 robe
rPois    ∞         Spirit   .   (no helmet)
rElec    .         Reflect  .   (no cloak)
rCorr    .         Harm     .   (no gloves)
MR       .....                  (no boots)
Stlth    ++........             (no amulet)
Regen    0.1/turn               (no ring)
MPRegen  0.1/turn               (no ring)

@: no status effects
A: no food or potions, fire vulnerability, cold resistance 1, negative energy
resistance 3, torment resistance, unbreathing
a: no special abilities


You were on level 2 of the Dungeon.
You were not hungry.

You visited 1 branch of the dungeon, and saw 2 of its levels.

You collected 45 gold pieces.

Inventory:

Hand Weapons
 h - a +1 dagger of draining (weapon)
Armour
 a - a +0 robe (worn)
Scrolls
 c - 2 scrolls of identify {unknown}
 d - 2 scrolls of immolation {unknown}
 e - 2 scrolls of teleportation {unknown}
 f - a scroll of enchant weapon {unknown}
 g - 2 scrolls of amnesia {unknown}
Books
 b - a book of Callings

   Spells                             Type                      Level
   a - Summon Small Mammal            Summoning                    1
   b - Call Imp                       Summoning                    2
   c - Call Canine Familiar           Summoning                    3
   d - Summon Guardian Golem          Hexes/Summoning              3
   e - Summon Lightning Spire         Summoning/Air                4
   f - Summon Ice Beast               Ice/Summoning                4


   Skills:
 + Level 1.7 Fighting
 - Level 1.5 Dodging
 - Level 1.5 Stealth
 - Level 2.6 Spellcasting
 * Level 3.8 Summonings


You had 4 spell levels left.
You knew the following spells:

 Your Spells              Type           Power        Failure   Level  Hunger
a - Summon Small Mammal   Summ           ##..         4%          1    N/A
b - Call Imp              Summ           ##......     8%          2    N/A

Dungeon Overview and Level Annotations

Branches:
Dungeon (2/15)

Altars:

Annotations:
D:2 Natasha


Innate Abilities, Weirdness & Mutations

You do not eat or drink.
Your flesh is vulnerable to fire.
You are immune to poison.
Your flesh is cold resistant. (rC+)
You are immune to negative energy. (rN+++)
You are immune to unholy pain and torment.
You can survive without breathing.


Message History

The crimson imp grins evilly.
The crimson imp hits you. Natasha claws you.
The white imp shouts, "Remove thy stench, thou warped rude-growing fleecer!"
The white imp hits you.
* * * LOW HITPOINT WARNING * * *
The white imp freezes you. You resist.
* * * LOW HITPOINT WARNING * * *
The bat hits you but does no damage. Natasha barely misses your crimson imp.
The white imp gestures at you. The puff of frost hits you! You resist.
* * * LOW HITPOINT WARNING * * *
Your crimson imp closely misses the crimson imp.
You see here a giant cockroach corpse.
You can't drink.
Okay, then.
Casting: Call Imp
Confirm with . or Enter, or press ? or * to list all spells.
A beastly little devil appears in a puff of frigid air.
The bat misses you. The crimson imp hits you.
You die...

#..#..##(.....
..#..........##
##............#. ..
#..............#
...#....b..?......#
#.#............[.#
#.........5....<.#
#......5@5h.....#
#..$....5.....##
#.)..........##
###†<...........
###..........#
#>.?......#.
#.........#
#.........#
#.........#


You could see Natasha, a crimson imp, a white imp, a bat, a friendly crimson imp
and a friendly white imp.

Vanquished Creatures
  2 leopard geckos (D:1)
  3 bats (D:1)
  A giant cockroach (D:2)
  3 goblins
  2 hobgoblins
  A frilled lizard (D:1)
  3 kobolds (D:1)
  2 rats (D:1)
17 creatures vanquished.

Vanquished Creatures (collateral kills)
  2 oozes (D:1)
  A dart slug (D:1)
  A bat (D:1)
  A goblin (D:1)
  2 frilled lizards (D:1)
  A kobold (D:1)
8 creatures vanquished.

Grand Total: 25 creatures vanquished

Notes
Turn   | Place    | Note
-------+----------+-------------------------------------------
     0 | D:1      | Hybris the Mummy Summoner began the quest for the Orb.
     0 | D:1      | Reached XP level 1. HP: 13/13 MP: 4/4
   535 | D:1      | Reached skill level 1 in Fighting
   538 | D:1      | Reached XP level 2. HP: 17/21 MP: 5/5
  1224 | D:1      | Learned a level 2 spell: Call Imp
  2367 | D:1      | Reached XP level 3. HP: 10/26 MP: 0/7
  2562 | D:2      | Noticed Natasha
  2578 | D:2      | Slain by a crimson imp

Vault maps used:
D:1:      mrwooster_arrival_arrow, serial_forest, infiniplex_forest_end_3,
          infiniplex_forest_clump_long, infiniplex_forest_corner_2,
          infiniplex_forest_clump_large, minivault_26, minmay_statues_item
D:2:      elyvilon_altar_5, chequers_temple_overflow_statue_of_worship,
          chequers_ecumenical_altar_simple, uniq_natasha, uniq_terence

Skill      XL: |  1 |
---------------+----+-----
Fighting       | 1 |  1.7
Dodging        | |  1.5
Stealth        | |  1.5
Spellcasting   | |  2.6
Summonings     | |  3.8

Action                   || total
-------------------------++-------
Melee: Unarmed           ||    90
       Dagger            ||    34
 Cast: Summon Small Mamm ||    12
       Call Imp          ||     5
 Stab: Sleeping          ||     3
Armor: Robe              ||    40
Dodge: Dodged            ||   139
